 Dungeon Sprint DCSS version 0.28-a0-313-gbc0475efdd (webtiles) character file.

Game seed: 4323671046959578102

1662 Ankalagon the Blocker (level 9, -1/55 HPs)
             Began as a Gargoyle Fighter on Aug 31, 2021.
             Slain by a polar bear (12 damage)
             ... in the Dungeon (Sprint II: "The Violet Keep of Menkaure").
             The game lasted 00:03:24 (663 turns).

Ankalagon the Blocker (Gargoyle Fighter)             Turns: 663, Time: 00:03:25

Health: -1/55      AC: 18    Str: 16    XL:     9   Next: 0%
Magic:  6/6        EV:  6    Int:  7    God:
Gold:   143        SH: 12    Dex: 10    Spells: 8/8 levels left

rFire   . . .      SeeInvis .   d - +5 morningstar (vamp) {!w}
rCold   + . .      Faith    .   c - +0 kite shield
rNeg    + . .      Spirit   .   e - +2 chain mail {rC+}
rPois   ∞          Reflect  .   (helmet restricted)
rElec   +          Harm     .   (no cloak)
rCorr   .          Rampage  .   (no gloves)
Will    .....      Rnd*Rage +   (no boots) Stlth ..........NoTele +
                                (no amulet)
HPRegen 0.18/turn               (no ring)
MPRegen 0.10/turn               (no ring)

@: flying
A: sickness immunity, AC +6, negative energy resistance 1, electricity
resistance, torment resistance 1, petrification resistance, horns 1, berserk 1,
clumsy 1, deterioration 2, dopey 1, low mp 3, weak 2, subdued magic 1,
MP-powered wands
a: no special abilities


You were in the Dungeon.
You visited 1 branch You collected 486 gold pieces.
You spent 343 gold pieces at shops.

Inventory:

Hand Weapons
 a - a +0 flail
 d - a +5 vampiric morningstar (weapon) {!w}
Armour
 c - a +0 kite shield (worn)
 e - a +2 chain mail of cold resistance (worn)
Scrolls
 j - a scroll of blinking
Potions
 b - a potion of flight
 h - 2 potions of magic


   Skills:
 - Level 5.7 Fighting
 + Level 12.9 Maces & Flails
 - Level 5.7 Armour
 + Level 14.1 Shields


You had 8 spell levels left.
You didn't know any spells.
Your spell library was empty.

Dungeon Overview and Level Annotations

Branches:
Dungeon (1/1)

Altars:
Cheibriados
Dithmenos
Elyvilon
Fedhas
Gozag
Hepliaklqana
Kikubaaqudgha
Makhleb
Nemelex Xobeh
Okawaru
Qazlal
Ru
Sif Muna
Trog
Uskayaw
Vehumet
Wu Jian
Xom
Yredelemnul
Zin
The Shining One
Beogh
Jiyva
Lugonu

Shops:
D :?!=[(=[[:*?![*

Annotations:
D exclusion: oklob plant


Innate Abilities, Weirdness & Mutations

You are immune to sickness and miasma.
Your stone body is resilient. (AC +6)
You are immune to poison.
You resist negative energy. (rN+)
You are resistant to electric shocks. (rElec)
You are resistant to unholy torment.
You are immune to petrification.
You have a pair of small horns on your head.
You tend to lose your temper in combat.
You are clumsy. (Dex -2)
Your body often deteriorates upon taking damage.
You are dopey. (Int -2)
Your magical capacity is extremely low. (-30% MP)
You are very weak. (Str -4)
Your spells are a little easier to cast, but a little less powerful.
You expend magic power (3 MP) to strengthen your wands.


Message History

* * * LOW HITPOINT WARNING * * *
You barely miss the hornet. Your headbutt misses the hornet.
The hornet is severely wounded.
The hornet stings you.
* * * LOW HITPOINT WARNING * * *
You miss the hornet.
You headbutt the hornet, but do no damage.
The hornet is severely wounded.
The hornet stings you but does no damage.
You miss the hornet.
The hornet is severely wounded.
The hornet stings you but does no damage. x2
You barely miss the hornet.
The hornet is severely wounded.
The hornet stings you.
* * * LOW HITPOINT WARNING * * *
You hit the hornet.
You feel better.
The hornet is almost dead.
The hornet stings you but does no damage.
You closely miss the hornet.
The hornet is almost dead.
The hornet stings you.
* * * LOW HITPOINT WARNING * * *
The hornet stings you but does no damage.
You puncture the hornet!
You feel better.
You kill the hornet!
You feel your dexterity returning.
Your Shields skill increases to level 14!
You have reached level 9!
Your experience leads to an increase in your attributes!
Your base attributes are Str 20, Int 9, Dex 11.
Increase (S)trength, (I)ntelligence, or (D)exterity?
You feel agile.
Unknown command.
You sock the polar bear!
The polar bear is moderately wounded.
You hit the polar bear but do no damage.
You headbutt the polar bear, but do no damage.
The polar bear bites you!
You die...

.##.# ...# ^..#
.#.####..## #..# .#
#'###.##..# +.^# .# )
#.##...#..# #.^# .# ()
.<.÷##$'..####.^##.# (?[
#.##...#.§..###...##▓▓▓▓
#'## .##......≈≈c≈≈≈≈≈≈≈
...####≈≈.....≈#h#######
.##.#≈≈≈§≈≈§..≈#@h..._..
##.##≈≈≈≈≈§≈≈.≈#...._._.
#'##≈≈≈≈§§≈§≈≈≈#..._._._
≈≈≈≈≈≈≈≈≈≈≈§§§≈#.._._._.
+#+++#≈≈≈§≈≈§§≈#._._._._
;;;§ ##≈≈§###≈≈#_._._._.
≈;;§§§##≈§# #≈≈#._._._._
≈≈§§≈≈≈+≈≈# #§≈#_._._...
≈≈≈§≈§##≈≈≈≈


You could see 2 polar bears and a yaktaur.

Vanquished Creatures
  A polar bear (D)
  A hornet (D)
  A blink frog (D)
  4 neqoxecs (D)
  Menkaure (D)
  A water moccasin (D)
  4 necrophages (D)
  3 worms (D)
16 creatures vanquished.

Vanquished Creatures (others)
  A water moccasin (D)
1 creature vanquished.

Grand Total: 17 creatures vanquished

Notes
Turn   | Place    | Note
-------+----------+-------------------------------------------
     0 | D        | Ankalagon the Gargoyle Fighter began the quest for the Orb.
     0 | D        | Reached XP level 1. HP: 14/14 MP: 1/1
     4 | D        | Noticed a necrophage
     4 | D        | Noticed a necrophage
     4 | D        | Noticed a necrophage
     4 | D        | Noticed a necrophage
    10 | D        | Killed a necrophage
    10 | D        | Noticed Menkaure
    11 | D        | Reached skill level 5 in Fighting
    11 | D        | Reached skill level 5 in Armour
    11 | D        | Reached skill level 5 in Shields
    11 | D        | Reached XP level 2. HP: 22/22 MP: 2/2
    11 | D        | Reached XP level 3. HP: 27/27 MP: 3/3
    11 | D        | Reached XP level 4. HP: 32/32 MP: 4/4
    13 | D        | Killed a necrophage
    14 | D        | Reached skill level 7 in Shields
    14 | D        | Reached XP level 5. HP: 36/36 MP: 5/5
    16 | D        | Killed a water moccasin
    17 | D        | Killed a necrophage
    18 | D        | Reached skill level 8 in Shields
    18 | D        | Reached XP level 6. HP: 41/41 MP: 6/6
    29 | D        | Killed a necrophage
    30 | D        | Reached skill level 9 in Shields
    40 | D        | Killed Menkaure
    41 | D        | Reached skill level 10 in Shields
    41 | D        | Reached XP level 7. HP: 18/45 MP: 7/7
    61 | D        | Noticed a neqoxec
    61 | D        | Noticed a neqoxec
    61 | D        | Noticed a neqoxec
    61 | D        | Noticed a neqoxec
    61 | D        | Gained mutation: You expend magic power (3 MP) to
                  | strengthen your wands. [a neqoxec]
    66 | D        | Gained mutation: Your magical capacity is low. (-10% MP) [a
                  | neqoxec]
    67 | D        | Gained mutation: Your magical capacity is very low. (-20%
                  | MP) [a neqoxec]
    75 | D        | Gained mutation: You tend to lose your temper in combat. [a
                  | neqoxec]
    76 | D        | Gained mutation: You are weak. (Str -2) [a neqoxec]
    81 | D        | HP: 2/45 [neqoxec (10)]
    84 | D        | Killed a neqoxec
    84 | D        | Gained mutation: Your body sometimes deteriorates upon
                  | taking damage. [a neqoxec]
    84 | D        | Gained mutation: You have hidden genetic defects. [a
                  | neqoxec]
    85 | D        | Reached skill level 10 in Maces & Flails
    85 | D        | Reached skill level 11 in Shields
    86 | D        | Gained mutation: Your body often deteriorates upon taking
                  | damage. [hidden defects]
    91 | D        | Killed a neqoxec
    94 | D        | Gained mutation: Your magical capacity is extremely low.
                  | (-30% MP) [a neqoxec]
   101 | D        | Killed a neqoxec
   102 | D        | Reached skill level 12 in Shields
   102 | D        | Reached XP level 8. HP: 7/51 MP: 5/5
   102 | D        | Gained mutation: You are dopey. (Int -2) [a neqoxec]
   107 | D        | Gained mutation: You have a pair of small horns on your
                  | head. [a neqoxec]
   108 | D        | Gained mutation: Your spells are a little easier to cast,
                  | but a little less powerful. [a neqoxec]
   110 | D        | Gained mutation: You are very weak. (Str -4) [hidden
                  | defects]
   110 | D        | Lost mutation: You have hidden genetic defects. [hidden
                  | defects expressed]
   113 | D        | Gained mutation: You are clumsy. (Dex -2) [a neqoxec]
   395 | D        | Noticed a boulder beetle
   395 | D        | Noticed a boulder beetle
   409 | D        | Found Kaezeq's Antique Armour Emporium.
   410 | D        | Found Doixyod's Magic Scroll Shoppe.
   411 | D        | Found Yjejin's Antique Armour Shoppe.
   411 | D        | Found Qojes's Armour Emporium.
   411 | D        | Found Tootenir's Jewellery Shoppe.
   412 | D        | Found Peegg's Antique Armour Emporium.
   412 | D        | Found Tasum's Jewellery Shoppe.
   412 | D        | Found Arylan Reul's General Store.
   412 | D        | Found Daolut's Distillery.
   413 | D        | Found Axtuevaf's Magic Scroll Emporium.
   413 | D        | Found Quczouma's Distillery.
   413 | D        | Found Hiruunel's Antique Weapon Emporium.
   413 | D        | Noticed a manticore
   414 | D        | Found Xiastruo's General Store.
   414 | D        | Found Waeh's Book Emporium.
   416 | D        | Noticed a manticore
   416 | D        | Noticed a manticore
   416 | D        | Noticed an oklob plant
   430 | D        | Noticed a blink frog
   443 | D        | Found Pank's Book Shoppe.
   446 | D        | Killed a blink frog
   447 | D        | Reached skill level 13 in Shields
   560 | D        | Bought a runed morningstar for 126 gold pieces
   574 | D        | Bought a glowing chain mail for 217 gold pieces
   611 | D        | Found an opulent altar of Gozag.
   612 | D        | Found a blossoming altar of Fedhas.
   613 | D        | Found a white marble altar of Elyvilon.
   613 | D        | Found a burning altar of Makhleb.
   614 | D        | Found a shadowy altar of Dithmenos.
   614 | D        | Found a corrupted altar of Lugonu.
   614 | D        | Found a sparkling altar of Nemelex Xobeh.
   614 | D        | Found a hide-covered altar of Uskayaw.
   615 | D        | Found a snail-covered altar of Cheibriados.
   615 | D        | Found an ancient bone altar of Kikubaaqudgha.
   615 | D        | Found a bloodstained altar of Trog.
   616 | D        | Found a viscous altar of Jiyva.
   616 | D        | Found a shimmering blue altar of Sif Muna.
   616 | D        | Found a basalt altar of Yredelemnul.
   617 | D        | Found a hazy altar of Hepliaklqana.
   617 | D        | Found a sacrificial altar of Ru.
   618 | D        | Found a stormy altar of Qazlal.
   618 | D        | Found an ornate altar of the Wu Jian Council.
   618 | D        | Found a shimmering altar of Xom.
   618 | D        | Noticed a polar bear
   618 | D        | Noticed a polar bear
   619 | D        | Noticed a hornet
   620 | D        | Found a glowing golden altar of the Shining One.
   620 | D        | Noticed a polar bear
   621 | D        | Found an iron altar of Okawaru.
   621 | D        | Found a radiant altar of Vehumet.
   621 | D        | Found a glowing silver altar of Zin.
   623 | D        | Noticed a yaktaur
   637 | D        | Killed a polar bear
   661 | D        | Killed a hornet
   662 | D        | Reached skill level 14 in Shields
   662 | D        | Reached XP level 9. HP: 11/55 MP: 6/6
   663 | D        | Slain by a polar bear

Illustrated notes

Levels and vault maps discovered:
D:        the_violet_keep_of_menkaure [sprint2_stairs_cluster_1,
          sprint2_shoproom, sprint2_temple, sprint2_basic_supplies,
          sprint2_obstacle_7, sprint2_obstacle_4, sprint2_obstacle_5,
          sprint2_obstacle_3, sprint2_obstacle_2, sprint2_timed_cluster_1,
          sprint2_smallroom_cluster_1, sprint2_smallroom_final_cluster_1,
          sprint2_transparent_cluster_1, sprint2_second_timed_cluster_1,
          sprint2_sniper_area_1, sprint2_heavy_combat_area_1,
          sprint2_mutation_trap_area_1, sprint2_forest_area_1,
          sprint2_light_combat_area_1, sprint2_behind_water_1,
          sprint2_near_end_vault_1]

Skill      XL: |  1  2  3  4  5  6  7  8 |
---------------+-------------------------+-----
Fighting       | 5 |  5.7
Maces & Flails | 4 6 7 9 11 12 | 12.9
Armour         | 5 |  5.7
Shields        | 5 7 8 10 12 14 | 14.1

Action                   |  1- 3 |  4- 6 |  7- 9 || total
-------------------------+-------+-------+-------++-------
Melee: Flail             |     4 |    27 |    79 ||   110
       Morningstar       |       |       |    41 ||    41
       Headbutt          |       |       |    10 ||    10
  Use: Potion            |     1 |     3 |     2 ||     6
Armor: Scale mail        |     2 |     8 |     9 ||    19
       Chain mail        |       |       |    32 ||    32
Dodge: Dodged            |     1 |     6 |    26 ||    33
Block: Kite shield       |     1 |     7 |    59 ||    67

Table legend: (Time is in decaauts)
 A = Elapsed time spent in this place.
 B = Non-inter-level travel time spent in this place.
 C = Inter-level travel time spent in this place.
 D = Time resting spent in this place.
 E = Time spent auto-exploring this place.
 F = Levels seen in this place.
 G = Mean time per level.
                   A        B        C        D        E       F      G
               +--------+--------+--------+--------+--------+-----+--------+
         Total |    672 |    668 |      4 |    260 |     93 |   1 |  672.0 |
       Dungeon |    672 |    668 |      4 |    260 |     93 |   1 |  672.0 |
               +--------+--------+--------+--------+--------+-----+--------+

Top non-repeatable levels by time:
       D: 672 daAuts
